SNL (28 & UNDER)
GAINESVILLE GUIDOS @ MONTGOMERY BISCUITS
08/16/2024
 
TOP OF THE 1ST
Gainesville Guidos batting - Pitching for Montgomery Biscuits : LHP Gonzalo Martínez
Pitching: LHP Gonzalo Martínez
Batting: RHB Noriyori Ine 0-0: Foul Ball, location: 2F
0-1: Swinging Strike
0-2: Foul Ball, location: 2F
0-2: SINGLE (Line Drive, 7S)
Batting: RHB Mitch Thomas 0-0: Ball
1-0: Called Strike
1-1: Ball
2-1: SINGLE (Line Drive, 8RS)
Noriyori Ine to second
Batting: RHB Iván Moreno Single, Error in OF, E9, batter to second base
Noriyori Ine scores
Mitch Thomas to third
Batting: LHB Ed Hart 0-0: Called Strike
0-1: Ball
1-1: Called Strike
1-2: Strikes out swinging
Batting: LHB Mark Owens 0-0: Ball
1-0: Fly out, F7 (Flyball, 78M)
Runner from 3rd tags up, SCORES, no throw
Batting: LHB Eddy Jefferson 0-0: Ball
1-0: Foul Ball, location: 2F
1-1: Foul Ball, location: 2F
1-2: Foul Ball, location: 2F
1-2: Ground out 4-3 (Groundball, 34)
Top of the 1st over - 2 run(s), 3 hit(s), 1 error(s), 1 left on base; Gainesville 2 - Montgomery 0
BOTTOM OF THE 1ST
Montgomery Biscuits batting - Pitching for Gainesville Guidos : RHP Ronald Adams
Pitching: RHP Ronald Adams
Batting: RHB Juan Díaz 0-0: Bunt missed!
0-1: Foul Ball, location: 2F
0-2: Ball
1-2: Ball
2-2: Ball
3-2: Base on Balls
Batting: LHB José Martínez Pickoff Throw to First - Error! E1
Juan Díaz to second
0-0: Called Strike
0-1: Ball
1-1: Foul Ball, location: 2F
1-2: Strikes out looking
Batting: LHB Ashley Pickhills 0-0: Foul Ball, location: 2F
0-1: Ground out 4-3 (Groundball, 4)
Juan Díaz to third
Batting: RHB Yujiro Kurihara 0-0: Swinging Strike
0-1: Swinging Strike
0-2: Fly out, F9 (Flyball, 9S)
Bottom of the 1st over - 0 run(s), 0 hit(s), 1 error(s), 1 left on base; Gainesville 2 - Montgomery 0
TOP OF THE 2ND
Gainesville Guidos batting - Pitching for Montgomery Biscuits : LHP Gonzalo Martínez
Batting: LHB Ed Murray 0-0: Ground out 4-3 (Groundball, 4M)
Batting: RHB Kurt Walter 0-0: Called Strike
0-1: Foul Ball, location: 2F
0-2: Ball
1-2: Ball
2-2: Ball
3-2: Foul Ball, location: 2F
3-2: Base on Balls
Batting: RHB Ben Morton 0-0: Ball
1-0: Ball
2-0: Grounds into double play, 1-4-3 (Groundball, 15)
Top of the 2nd over - 0 run(s), 0 hit(s), 0 error(s), 0 left on base; Gainesville 2 - Montgomery 0
BOTTOM OF THE 2ND
Montgomery Biscuits batting - Pitching for Gainesville Guidos : RHP Ronald Adams
Batting: RHB Jean-Paul St-Pierre 0-0: Ball
1-0: Ball
2-0: Foul Ball, location: 2F
2-1: Ball
3-1: Foul Ball, location: 2F
3-2: Strikes out swinging
Batting: LHB Curt Causton 0-0: Ground out 4-3 (Groundball, 4)
Batting: SHB Jack Estes 0-0: Ball
1-0: Ball
2-0: Foul Ball, location: 2F
2-1: Ball
3-1: Foul Ball, location: 2F
3-2: SINGLE (Groundball, 3D)
Batting: RHB Dave Dawson 0-0: Ball
1-0: Ball
2-0: Ball
3-0: Called Strike
3-1: SINGLE (Line Drive, 34D)
Jack Estes to second
Runner from 2nd tries for 3rd, SAFE, no throw or cutoff
Batting: RHB Peyton Yardley 0-0: Called Strike
0-1: Ball
1-1: Ball
2-1: Ground out 4-3 (Groundball, 4)
Bottom of the 2nd over - 0 run(s), 2 hit(s), 0 error(s), 2 left on base; Gainesville 2 - Montgomery 0
TOP OF THE 3RD
Gainesville Guidos batting - Pitching for Montgomery Biscuits : LHP Gonzalo Martínez
Batting: RHB Noriyori Ine 0-0: Ball
1-0: Foul Ball, location: 2F
1-1: Swinging Strike
1-2: Ball
2-2: Ball
3-2: Strikes out looking
Batting: RHB Mitch Thomas 0-0: Called Strike
0-1: Swinging Strike
0-2: Ball
1-2: Ball
2-2: Foul Ball, location: 2F
2-2: Ball
3-2: Ground out 5-3 (Groundball, 56)
Batting: RHB Iván Moreno 0-0: Called Strike
0-1: Ball
1-1: Ground out 5-3 (Groundball, 5S)
Top of the 3rd over - 0 run(s), 0 hit(s), 0 error(s), 0 left on base; Gainesville 2 - Montgomery 0
BOTTOM OF THE 3RD
Montgomery Biscuits batting - Pitching for Gainesville Guidos : RHP Ronald Adams
Batting: RHB Juan Díaz 0-0: Called Strike
0-1: Called Strike
0-2: Foul Ball, location: 2F
0-2: Ball
1-2: SINGLE (Line Drive, 4MD)
Batting: LHB José Martínez 0-0: Called Strike
0-1: Ball
1-1: Ground out 4-3 (Groundball, 34D)
Juan Díaz to second
Batting: LHB Ashley Pickhills 0-0: Ball
1-0: Ball
Juan Díaz steals 3rd base
2-0: Called Strike
2-1: Foul Ball, location: 2F
2-2: Ground out 4-3 (Groundball, 34)
Juan Díaz scores
Batting: RHB Yujiro Kurihara 0-0: Swinging Strike
0-1: Called Strike
0-2: Foul Ball, location: 2F
0-2: Ball
1-2: Foul Ball, location: 2F
1-2: Ball
2-2: Foul Ball, location: 2F
2-2: Strikes out looking
Bottom of the 3rd over - 1 run(s), 1 hit(s), 0 error(s), 0 left on base; Gainesville 2 - Montgomery 1
TOP OF THE 4TH
Gainesville Guidos batting - Pitching for Montgomery Biscuits : LHP Gonzalo Martínez
Batting: LHB Ed Hart 0-0: Ball
1-0: Foul Ball, location: 2F
1-1: Called Strike
1-2: Ball
2-2: Foul Ball, location: 2F
2-2: Strikes out swinging
Batting: LHB Mark Owens 0-0: Called Strike
0-1: Ball
1-1: Foul Ball, location: 2F
1-2: Ground out 6-3 (Groundball, 6MS)
Batting: LHB Eddy Jefferson 0-0: Foul Ball, location: 2F
0-1: Ground out U3 (Groundball, 3)
Top of the 4th over - 0 run(s), 0 hit(s), 0 error(s), 0 left on base; Gainesville 2 - Montgomery 1
BOTTOM OF THE 4TH
Montgomery Biscuits batting - Pitching for Gainesville Guidos : RHP Ronald Adams
Batting: RHB Jean-Paul St-Pierre 0-0: SINGLE (Flyball, 9S)
Batting: LHB Curt Causton 0-0: Ball
1-0: Grounds into double play, 1-6-3 (Groundball, 25)
Batting: SHB Jack Estes 0-0: Called Strike
0-1: Foul Ball, location: 2F
0-2: Ball
1-2: Foul Ball, location: 2F
1-2: Foul Ball, location: 2F
1-2: Strikes out swinging
Bottom of the 4th over - 0 run(s), 1 hit(s), 0 error(s), 0 left on base; Gainesville 2 - Montgomery 1
TOP OF THE 5TH
Gainesville Guidos batting - Pitching for Montgomery Biscuits : LHP Gonzalo Martínez
Batting: LHB Ed Murray 0-0: Ball
1-0: SINGLE (Groundball, 34D)
Batting: RHB Kurt Walter 0-0: Ball
1-0: Ball
2-0: Foul Ball, location: 2F
2-1: SINGLE (Groundball, 34D)
Ed Murray to second
Throwing error, E9
Ed Murray scores
Kurt Walter to second
Batting: RHB Ben Morton 0-0: Called Strike
0-1: Foul Ball, location: 2F
0-2: Foul Ball, location: 2F
0-2: Ball
1-2: Foul Ball, location: 2F
1-2: Ball
2-2: Ball
3-2: Base on Balls
Batting: RHB Noriyori Ine 0-0: Called Strike
0-1: Ball
1-1: Ball
2-1: Ball
3-1: Swinging Strike
3-2: Foul Ball, location: 2F
3-2: Base on Balls
Kurt Walter to third
Ben Morton to second
Batting: RHB Mitch Thomas 0-0: Foul Ball, location: 2F
0-1: Ball
1-1: Ball
2-1: Ball
3-1: Foul Ball, location: 2F
3-2: Strikes out swinging
Batting: RHB Iván Moreno 0-0: Fielders Choice at 2nd, 4-6 (Groundball, 4)
Kurt Walter scores
Ben Morton to third
Batting: LHB Ed Hart 0-0: Ball
1-0: Called Strike
1-1: Swinging Strike
1-2: Foul Ball, location: 2F
1-2: Fly out, F8 (Flyball, 78D)
Top of the 5th over - 2 run(s), 2 hit(s), 1 error(s), 2 left on base; Gainesville 4 - Montgomery 1
BOTTOM OF THE 5TH
Montgomery Biscuits batting - Pitching for Gainesville Guidos : RHP Ronald Adams
Batting: RHB Dave Dawson 0-0: Foul Ball, location: 2F
0-1: Ball
1-1: Ground out 1-3 (Groundball, 15S)
Batting: RHB Peyton Yardley 0-0: Foul Ball, location: 2F
0-1: Ball
1-1: Ground out 1-3 (Groundball, 15)
Batting: RHB Juan Díaz 0-0: Fly out, F9 (Line Drive, 9LS)
Bottom of the 5th over - 0 run(s), 0 hit(s), 0 error(s), 0 left on base; Gainesville 4 - Montgomery 1
TOP OF THE 6TH
Gainesville Guidos batting - Pitching for Montgomery Biscuits : LHP Gonzalo Martínez
Batting: LHB Mark Owens 0-0: Foul Ball, location: 2F
0-1: SINGLE (Flyball, 89S)
Batting: LHB Eddy Jefferson 0-0: Called Strike
0-1: Ball
1-1: Foul Ball, location: 2F
1-2: Ball
2-2: Foul Ball, location: 2F
2-2: Foul Ball, location: 2F
2-2: SINGLE (Groundball, 4MD)
Mark Owens to second
Pitching: RHP Rick Grant
Batting: LHB Ed Murray 0-0: Called Strike
0-1: Swinging Strike
0-2: Foul Ball, location: 2F
0-2: Strikes out swinging
Batting: RHB Kurt Walter 0-0: Called Strike
0-1: Ball
1-1: Foul Ball, location: 2F
1-2: Foul Ball, location: 2F
1-2: Foul Ball, location: 2F
1-2: Ball
2-2: Grounds into double play, U4-3 (Groundball, 4)
Top of the 6th over - 0 run(s), 2 hit(s), 0 error(s), 1 left on base; Gainesville 4 - Montgomery 1
BOTTOM OF THE 6TH
Montgomery Biscuits batting - Pitching for Gainesville Guidos : RHP Ronald Adams
Batting: LHB José Martínez 0-0: Called Strike
0-1: Ball
1-1: Ball
2-1: Swinging Strike
2-2: Foul Ball, location: 2F
2-2: Ball
3-2: Strikes out looking
Batting: LHB Ashley Pickhills 0-0: Ball
1-0: Called Strike
1-1: Swinging Strike
1-2: Foul Ball, location: 2F
1-2: Ball
2-2: Ball
3-2: SINGLE (Groundball, 4MD)
Pitching: LHP Ben Head
Batting: RHB Yujiro Kurihara 0-0: Ball
1-0: Ball
2-0: Swinging Strike
2-1: Ball
3-1: Fly out, F8 (Flyball, 8RM)
Batting: RHB Jean-Paul St-Pierre 0-0: Ball
1-0: Swinging Strike
1-1: Ball
2-1: Ground out 5-3 (Groundball, 5)
Bottom of the 6th over - 0 run(s), 1 hit(s), 0 error(s), 1 left on base; Gainesville 4 - Montgomery 1
TOP OF THE 7TH
Gainesville Guidos batting - Pitching for Montgomery Biscuits : RHP Rick Grant
Batting: RHB Ben Morton 0-0: Ball
1-0: Foul Ball, location: 2F
1-1: SINGLE (Groundball, 6MD)
Batting: RHB Noriyori Ine 0-0: Bunted foul
0-1: Bunted foul
0-2: SINGLE (Line Drive, 89M)
Ben Morton to second
Runner from 2nd tries for 3rd, SAFE, throw made to third
Batting: RHB Mitch Thomas 0-0: Ball
1-0: Called Strike
Throwing error on steal attempt, E2
Ben Morton scores
Noriyori Ine to third
1-1: Swinging Strike
1-2: Strikes out swinging
Batting: RHB Iván Moreno 0-0: Foul Ball, location: 2F
0-1: Ball
1-1: Ball
2-1: TRIPLE (Flyball, 89M)
Noriyori Ine scores
Batting: LHB Ed Hart 0-0: Ball
1-0: Called Strike
1-1: Foul Ball, location: 2F
1-2: Strikes out swinging
Batting: LHB Mark Owens 0-0: Foul Ball, location: 2F
0-1: Ball
1-1: Ball
2-1: Ball
3-1: SINGLE (Line Drive, 4D)
Iván Moreno scores
Pitching: LHP Trevor Nichols
Batting: LHB Eddy Jefferson 0-0: Swinging Strike
0-1: Ball
1-1: Fly out, F9 (Flyball, 89S)
Top of the 7th over - 3 run(s), 4 hit(s), 1 error(s), 1 left on base; Gainesville 7 - Montgomery 1
BOTTOM OF THE 7TH
Montgomery Biscuits batting - Pitching for Gainesville Guidos : LHP Ben Head
Batting: LHB Curt Causton 0-0: SINGLE (Line Drive, 7LS)
Batting: SHB Jack Estes 0-0: Ball
1-0: Called Strike
1-1: Ball
2-1: SINGLE (Line Drive, 8RS)
Curt Causton to second
Batting: RHB Dave Dawson 0-0: Called Strike
0-1: Ball
1-1: Fielders Choice at 2nd, 1-6 (Groundball, 13S)
Curt Causton to third
Batting: RHB Peyton Yardley 0-0: Called Strike
0-1: Ball
1-1: Swinging Strike
1-2: Fly out, F8 (Flyball, 8LM)
Runner from 3rd tags up, SCORES, throw made
Batting: RHB Juan Díaz 0-0: SINGLE (Groundball, 34D)
Dave Dawson to second
Runner from 2nd tries for 3rd, SAFE, no throw or cutoff
Batting: LHB José Martínez 0-0: Ball
1-0: Swinging Strike
1-1: Ground out 1-3 (Groundball, 15S)
Bottom of the 7th over - 1 run(s), 3 hit(s), 0 error(s), 2 left on base; Gainesville 7 - Montgomery 2
TOP OF THE 8TH
Gainesville Guidos batting - Pitching for Montgomery Biscuits : LHP Trevor Nichols
Batting: LHB Ed Murray 0-0: Ground out 4-3 (Groundball, 34)
Batting: RHB Kurt Walter 0-0: Called Strike
0-1: Called Strike
0-2: Foul Ball, location: 2F
0-2: Ball
1-2: SOLO HOME RUN (Flyball, 7D), Distance : 384 ft
Batting: RHB Ben Morton 0-0: Foul Ball, location: 2F
0-1: SINGLE (Line Drive, 56D)
Batting: RHB Noriyori Ine 0-0: Swinging Strike
0-1: Fly out, F5 (Popup, 5SF)
Batting: RHB Mitch Thomas 0-0: Ball
1-0: Foul Ball, location: 2F
1-1: Foul Ball, location: 2F
1-2: Foul Ball, location: 2F
1-2: Foul Ball, location: 2F
1-2: Strikes out swinging
Top of the 8th over - 1 run(s), 2 hit(s), 0 error(s), 1 left on base; Gainesville 8 - Montgomery 2
BOTTOM OF THE 8TH
Montgomery Biscuits batting - Pitching for Gainesville Guidos : LHP Ben Head
Now at C: Ramón Durán
Batting: LHB Ashley Pickhills 0-0: Ball
1-0: Ball
2-0: Ball
3-0: Base on Balls
Batting: RHB Yujiro Kurihara 0-0: Swinging Strike
0-1: Foul Ball, location: 2F
0-2: Ball
1-2: Strikes out swinging
Pitching: LHP Mike Scott
Batting: RHB Jean-Paul St-Pierre 0-0: Swinging Strike
0-1: Ball
1-1: Ball
2-1: Ball
3-1: SINGLE (Groundball, 4MD)
Ashley Pickhills to second
Runner from 2nd tries for 3rd, SAFE, throw made to third
Jean-Paul St-Pierre to second
Batting: LHB Curt Causton 0-0: Ball
1-0: Ball
2-0: Fly out, F9 (Flyball, 9M)
Runner from 3rd tags up, SCORES, no throw
Batting: SHB Jack Estes 0-0: Called Strike
0-1: Foul Ball, location: 2F
0-2: Ball
1-2: Ball
Single, Error in OF, E7, batter to second base
Jean-Paul St-Pierre scores
Batting: RHB Dave Dawson 0-0: Ball
1-0: Swinging Strike
1-1: Called Strike
1-2: Ball
2-2: Ball
3-2: Foul Ball, location: 2F
3-2: Strikes out looking
Bottom of the 8th over - 2 run(s), 2 hit(s), 1 error(s), 1 left on base; Gainesville 8 - Montgomery 4
TOP OF THE 9TH
Gainesville Guidos batting - Pitching for Montgomery Biscuits : LHP Trevor Nichols
Batting: RHB Iván Moreno 0-0: Ball
1-0: Ball
2-0: Foul Ball, location: 2F
2-1: Ball
3-1: Swinging Strike
3-2: Strikes out swinging
Batting: LHB Ed Hart 0-0: Called Strike
0-1: Called Strike
0-2: Ball
1-2: Ball
2-2: Hit by Pitch
Batting: LHB Mark Owens 0-0: Called Strike
0-1: Foul Ball, location: 2F
0-2: Strikes out swinging
Batting: LHB Eddy Jefferson 0-0: Called Strike
0-1: Foul Ball, location: 2F
0-2: Ball
1-2: Ball
2-2: SINGLE (Groundball, 13) (infield hit)
Ed Hart to second
Batting: LHB Ed Murray 0-0: Called Strike
0-1: Fly out, F8 (Line Drive, 8LS)
Top of the 9th over - 0 run(s), 1 hit(s), 0 error(s), 2 left on base; Gainesville 8 - Montgomery 4
BOTTOM OF THE 9TH
Montgomery Biscuits batting - Pitching for Gainesville Guidos : LHP Mike Scott
Batting: RHB Peyton Yardley 0-0: Foul Ball, location: 2F
0-1: Fly out, F7 (Flyball, 7D)
Batting: RHB Juan Díaz 0-0: Ground out 5-3 (Groundball, 5)
Batting: LHB José Martínez 0-0: Ball
1-0: Ball
2-0: Ball
3-0: Called Strike
3-1: Foul Ball, location: 2F
3-2: Base on Balls
Batting: LHB Ashley Pickhills 0-0: Ball
Passed Ball!
José Martínez to second
1-0: Called Strike
1-1: Ball
2-1: Ball
3-1: Ground out 3-1 (Groundball, 3)
Bottom of the 9th over - 0 run(s), 0 hit(s), 0 error(s), 1 left on base; Gainesville 8 - Montgomery 4
This league is powered by Out of the Park Baseball, the baseball management simulation game for PC, Mac and Linux
Saturday, April 9th, 2016 - OOTP Baseball 16.8 Build 38